AoeStats
← 风雨中的子弹

Baltic

511507605Analyzed
2v2 RM · 11d ago on Oct 5, 2026· 42m 33s· 4 players
Game mode
Random Map
Map size
Medium (4 player)
Population
200
Speed
Normal
Resources
Standard
Victory
Conquest
Starting age
Dark Age
Ending age
Imperial Age
RankedLock teamsTeams togetherTeam positionsShared explorationLock speedFull tech treeHidden civsTurbo modeCheats
Victory
Defeat
🇨🇳 Koreans · China
637
+13
🇨🇭 Lithuanians · Switzerland
635
+13
vs
🇯🇵 Portuguese · Japan
662
-17
🇨🇳 Chinese · China
461
-9
EarnedNote1805
11:10 Feudal Age
15:33 Castle Age
19:23 Horse Collar
19:42 Double-Bit Axe
24:14 Bow Saw
24:11 Heavy Plow
24:12 Gold Mining
29:02 Imperial Age
27:21 Wheelbarrow
26:37 Town Watch
26:40 Loom
30:15 Conscription
30:08 Tower Shields
29:31 Elite Leitis
30:51 Murder Holes
31:18 Ballistics
33:14 Scale Barding Armor
33:19 Forging
34:22 Chain Barding Armor
35:43 Iron Casting
36:30 Plate Barding Armor
40:44 Capped Ram
604569544
3:50 Loom
15:08 Feudal Age
15:54 Fishing Lines
18:55 Castle Age
17:56 Double-Bit Axe
18:27 Town Watch
22:12 Fletching
22:31 Horse Collar
23:13 Bow Saw
23:40 Bodkin Arrow
24:21 Fortified Wall
24:08 Murder Holes
27:54 Eupseong
28:47 Gold Mining
28:48 Stone Mining
31:15 Heavy Plow
31:32 Careening
31:32 Clinker Construction
31:36 Masonry
31:20 Heated Shot
31:41 Masonry
31:41 Careening
31:42 Clinker Construction
31:54 Ballistics
33:39 Gillnets
37:07 Imperial Age
39:23 Chemistry
38:29 Siege Engineers
38:56 Architecture
38:12 Arrowslits
38:17 Elite Turtle Ship
40:06 Wheelbarrow
41:26 Elite Cannon Galleon
Lubuntu10.04LTS
12:39 Feudal Age
13:34 Double-Bit Axe
13:42 Gold Mining
15:48 Wheelbarrow
15:15 Fishing Lines
16:55 Stone Mining
20:49 Loom
24:00 Castle Age
23:55 Fletching
24:06 Padded Archer Armor
24:12 Scale Barding Armor
24:07 Scale Mail Armor
24:18 Forging
25:12 Bow Saw
26:11 Gillnets
29:14 Imperial Age
27:46 Fervor
27:56 Hand Cart
27:39 Bodkin Arrow
28:00 Leather Archer Armor
28:05 Chain Barding Armor
28:01 Chain Mail Armor
27:34 Treadmill Crane
27:48 Horse Collar
29:54 Masonry
29:55 Fortified Wall
29:59 Heavy Plow
31:49 Chemistry
32:17 Ring Archer Armor
32:13 Ballistics
33:23 Town Watch
34:53 Crop Rotation
34:32 Siege Engineers
34:57 Architecture
34:29 Bracer
34:34 Elite Cannon Galleon
35:53 Town Patrol
36:31 Medium Warships
35:46 Elite Caravel
36:51 Clinker Construction
36:54 Careening
37:22 Plate Barding Armor
37:18 Plate Mail Armor
38:14 Two-Man Saw
风雨中的子弹
0:43 Loom
15:26 Feudal Age
16:24 Double-Bit Axe
17:29 Town Watch
18:57 Wheelbarrow
18:09 Town Watch
19:38 Stone Mining
20:03 Town Watch
23:03 Castle Age
23:46 Town Patrol
25:21 Hand Cart
25:55 Man-at-Arms
26:37 Squires
26:50 Bow Saw
32:16 Forging
31:56 Fletching
32:06 Scale Mail Armor
32:07 Padded Archer Armor
32:36 Long Swordsman
32:37 Pikeman
34:00 Gold Mining
35:40 Gold Shaft Mining
35:41 Stone Shaft Mining
42:30 Imperial Age
Connection lost

Rejoining the realm…

Still unreachable

The connection could not be restored.

Session expired

The server has moved on; the page needs a fresh start.